TOP OF THE 1ST |
Atlanta Braves batting - Pitching for Washington Nationals : RHP Corey Kluber
|
Pitching: RHP Corey Kluber
|
|
Batting: RHB Ronald Acuna Jr.
|
0-0: Ball 1-0: Ball 2-0: Ball 3-0: Called Strike 3-1: SINGLE (Line Drive, 8RS, EV 103.1 MPH)
|
Batting: LHB Mallex Smith
|
0-0: Called Strike 0-1: DOUBLE (Line Drive, 7LS, EV 108.8 MPH) Ronald Acuna Jr. to third
|
Batting: LHB Freddie Freeman
|
0-0: Fly out, F4 (Popup, 34D, EV 66.3 MPH)
|
Batting: LHB Yordan Alvarez
|
0-0: Ball 1-0: Called Strike 1-1: Called Strike 1-2: SINGLE (Line Drive, 89M, EV 103.1 MPH) Ronald Acuna Jr. scores Mallex Smith to third
|
Batting: LHB Corey Seager
|
0-0: Called Strike 0-1: Foul Ball, location: 2F 0-2: Strikes out swinging
|
Batting: RHB Miguel Sano
|
0-0: Ball 1-0: Ball Passed Ball! Mallex Smith scores Yordan Alvarez to second 2-0: Called Strike 2-1: Foul Ball, location: 2F 2-2: Strikes out swinging, 2-3 out at first.
|
Top of the 1st over - 2 runs, 3 hits, 0 errors, 1 left on base; Atlanta 2 - Washington 0 |
BOTTOM OF THE 1ST |
Washington Nationals batting - Pitching for Atlanta Braves : RHP Stephen Strasburg
|
Pitching: RHP Stephen Strasburg
|
|
Batting: LHB Andrew Benintendi
|
0-0: Foul Ball, location: 2F 0-1: Ball 1-1: Bunt for hit to 25 - play at first, batter safe!
|
Batting: RHB Adeiny Hechavarria
|
0-0: Ball 1-0: Called Strike 1-1: Swinging Strike 1-2: Ball 2-2: Ball 3-2: Foul Ball, location: 2F 3-2: Foul Ball, location: 2F 3-2: DOUBLE (Groundball, 5L, EV 103.1 MPH) Andrew Benintendi to third
|
Batting: LHB Adam Eaton
|
0-0: Swinging Strike 0-1: Ball 1-1: Swinging Strike 1-2: Ball 2-2: Strikes out swinging
|
Batting: LHB Yonder Alonso
|
0-0: Fly out, F8 (Flyball, 8RXD, EV 83.8 MPH) Runner from 3rd tags up, SCORES, no throw by CF Adeiny Hechavarria to third
|
Batting: LHB Jackie Bradley Jr.
|
0-0: Ball 1-0: Called Strike 1-1: Foul Ball, location: 2F 1-2: Foul Ball, location: 2F 1-2: Ball 2-2: Fly out, F9 (Flyball, 9, EV 80.0 MPH)
|
Bottom of the 1st over - 1 run, 2 hits, 0 errors, 1 left on base; Atlanta 2 - Washington 1 |
TOP OF THE 2ND |
Atlanta Braves batting - Pitching for Washington Nationals : RHP Corey Kluber
|
Batting: LHB Luis Arraez
|
0-0: Foul Ball, location: 2F 0-1: Ground out 5-3 (Groundball, 56, EV 104.4 MPH)
|
Batting: RHB Russell Martin
|
0-0: Swinging Strike 0-1: Called Strike 0-2: Ball 1-2: Foul Ball, location: 2F 1-2: Ball 2-2: Ball 3-2: Foul Ball, location: 2F 3-2: Base on Balls
|
Batting: RHB Stephen Strasburg
|
0-0: Sac Bunt to 15 - play at second, runner OUT! 1-6
|
Batting: RHB Ronald Acuna Jr.
|
0-0: Ball 1-0: Ball 2-0: Ball 3-0: Base on Balls Stephen Strasburg to second
|
Batting: LHB Mallex Smith
|
0-0: Ground out U3 (Groundball, 3, EV 85.6 MPH)
|
Top of the 2nd over - 0 runs, 0 hits, 0 errors, 2 left on base; Atlanta 2 - Washington 1 |
BOTTOM OF THE 2ND |
Washington Nationals batting - Pitching for Atlanta Braves : RHP Stephen Strasburg
|
Batting: RHB Evan Longoria
|
0-0: Ball 1-0: Called Strike 1-1: Ball 2-1: Ball 3-1: Ground out 6-3 (Groundball, 6, EV 89.4 MPH)
|
Batting: SHB Jed Lowrie
|
0-0: Called Strike 0-1: Ball 1-1: Foul Ball, location: 2F 1-2: Ball 2-2: Fly out, F8 (Line Drive, 8RD, EV 94.4 MPH)
|
Batting: RHB Austin Barnes
|
0-0: Swinging Strike 0-1: Ball 1-1: Ball 2-1: Ball 3-1: Foul Ball, location: 2F 3-2: Fly out, F8 (Flyball, 8LM, EV 86.9 MPH)
|
Bottom of the 2nd over - 0 runs, 0 hits, 0 errors, 0 left on base; Atlanta 2 - Washington 1 |
TOP OF THE 3RD |
Atlanta Braves batting - Pitching for Washington Nationals : RHP Corey Kluber
|
Batting: LHB Freddie Freeman
|
0-0: Called Strike 0-1: Ball 1-1: Swinging Strike 1-2: Foul Ball, location: 2F 1-2: Strikes out swinging
|
Batting: LHB Yordan Alvarez
|
0-0: Ball 1-0: Ball 2-0: Called Strike 2-1: SINGLE (Groundball, 56D, EV 103.8 MPH)
|
Batting: LHB Corey Seager
|
0-0: Ball 1-0: Called Strike 1-1: Ball 2-1: SINGLE (Line Drive, 56D, EV 100.6 MPH) Yordan Alvarez to second
|
Batting: RHB Miguel Sano
|
0-0: Swinging Strike 0-1: Swinging Strike 0-2: Strikes out swinging
|
Batting: LHB Luis Arraez
|
0-0: Ball 1-0: Foul Ball, location: 2F 1-1: Fielders Choice at 2nd, 5-4 (Groundball, 5L, EV 82.5 MPH)
|
Top of the 3rd over - 0 runs, 2 hits, 0 errors, 2 left on base; Atlanta 2 - Washington 1 |
BOTTOM OF THE 3RD |
Washington Nationals batting - Pitching for Atlanta Braves : RHP Stephen Strasburg
|
Batting: RHB Corey Kluber
|
0-0: Foul Ball, location: 2F 0-1: Foul Ball, location: 2F 0-2: Strikes out looking
|
Batting: LHB Andrew Benintendi
|
0-0: Called Strike 0-1: Called Strike 0-2: Ball 1-2: Ball 2-2: Ball 3-2: Fly out, F8 (Flyball, 8RXD, EV 103.8 MPH)
|
Batting: RHB Adeiny Hechavarria
|
0-0: Ball 1-0: Foul Ball, location: 2F 1-1: SINGLE (Line Drive, 9S, EV 106.3 MPH)
|
Batting: LHB Adam Eaton
|
0-0: Ball 1-0: Ball 2-0: 2-RUN HOME RUN (Flyball, 7LD, EV 101.3 MPH), Distance : 371 ft
|
Batting: LHB Yonder Alonso
|
0-0: Called Strike 0-1: Swinging Strike 0-2: Foul Ball, location: 2F 0-2: Fly out, F8 (Flyball, 8RXD, EV 95.0 MPH)
|
Bottom of the 3rd over - 2 runs, 2 hits, 0 errors, 0 left on base; Atlanta 2 - Washington 3 |
TOP OF THE 4TH |
Atlanta Braves batting - Pitching for Washington Nationals : RHP Corey Kluber
|
Batting: RHB Russell Martin
|
0-0: Called Strike 0-1: Ball 1-1: Ball 2-1: Ball 3-1: Swinging Strike 3-2: Foul Ball, location: 2F 3-2: Base on Balls
|
Batting: RHB Stephen Strasburg
|
0-0: Ball 1-0: Sac Bunt to 2R - play at first, batter OUT! 2-4 Russell Martin to second
|
Batting: RHB Ronald Acuna Jr.
|
0-0: Called Strike 0-1: Ball 1-1: Ball 2-1: Ball 3-1: Ground out 3-1 (Groundball, 34, EV 88.8 MPH) Russell Martin to third
|
Batting: LHB Mallex Smith
|
0-0: Fly out, F6 (Popup, 6MS, EV 73.1 MPH)
|
Top of the 4th over - 0 runs, 0 hits, 0 errors, 1 left on base; Atlanta 2 - Washington 3 |
BOTTOM OF THE 4TH |
Washington Nationals batting - Pitching for Atlanta Braves : RHP Stephen Strasburg
|
Batting: LHB Jackie Bradley Jr.
|
0-0: Called Strike 0-1: Ball 1-1: Ball 2-1: Foul Ball, location: 2F 2-2: Foul Ball, location: 2F 2-2: Strikes out swinging
|
Batting: RHB Evan Longoria
|
0-0: Ball 1-0: Fly out, F7 (Flyball, 7LM, EV 98.1 MPH)
|
Batting: SHB Jed Lowrie
|
0-0: Called Strike 0-1: Ball 1-1: Ball 2-1: Fly out, F6 (Popup, 6M, EV 69.4 MPH)
|
Bottom of the 4th over - 0 runs, 0 hits, 0 errors, 0 left on base; Atlanta 2 - Washington 3 |
TOP OF THE 5TH |
Atlanta Braves batting - Pitching for Washington Nationals : RHP Corey Kluber
|
Pitching: RHP Zack Burdi
|
|
Batting: LHB Freddie Freeman
|
0-0: Fly out, F2 (Popup, 25F, EV 85.6 MPH)
|
Batting: LHB Yordan Alvarez
|
0-0: Called Strike 0-1: Foul Ball, location: 2F 0-2: Ball 1-2: Foul Ball, location: 2F 1-2: DOUBLE (Flyball, 89XD, EV 103.1 MPH)
|
Batting: LHB Corey Seager
|
0-0: Ball 1-0: Ground out 1-3 (Groundball, 13, EV 86.9 MPH) Yordan Alvarez to third
|
Batting: RHB Miguel Sano
|
0-0: Ball 1-0: Ball 2-0: Called Strike 2-1: Swinging Strike 2-2: Foul Ball, location: 2F 2-2: Strikes out swinging
|
Top of the 5th over - 0 runs, 1 hit, 0 errors, 1 left on base; Atlanta 2 - Washington 3 |
BOTTOM OF THE 5TH |
Washington Nationals batting - Pitching for Atlanta Braves : RHP Stephen Strasburg
|
Pitching: RHP Adam Plutko
|
|
Batting: RHB Austin Barnes
|
0-0: Called Strike 0-1: Swinging Strike 0-2: Strikes out swinging
|
Batting: RHB Zack Burdi
|
0-0: Foul Ball, location: 2F 0-1: Fly out, F7 (Flyball, 78D, EV 88.8 MPH)
|
Batting: LHB Andrew Benintendi
|
0-0: Called Strike 0-1: Ball 1-1: Foul Ball, location: 2F 1-2: Foul Ball, location: 2F 1-2: Ball 2-2: Foul Ball, location: 2F 2-2: Ball 3-2: Fly out, F8 (Flyball, 8LM, EV 90.6 MPH)
|
Bottom of the 5th over - 0 runs, 0 hits, 0 errors, 0 left on base; Atlanta 2 - Washington 3 |
TOP OF THE 6TH |
Atlanta Braves batting - Pitching for Washington Nationals : RHP Zack Burdi
|
Batting: LHB Luis Arraez
|
0-0: Called Strike 0-1: Foul Ball, location: 2F 0-2: Foul Ball, location: 2F 0-2: Ball 1-2: SINGLE (Groundball, 5S, EV 70.0 MPH) (infield hit)
|
Batting: RHB Russell Martin
|
0-0: Ball 1-0: Foul Ball, location: 2F 1-1: Ball 2-1: Foul Ball, location: 2F 2-2: Hit by Pitch Luis Arraez to second
|
Pinch Hitting: RHB Kevin Cron
|
0-0: Ball 1-0: Ball 2-0: Foul Ball, location: 2F 2-1: SINGLE (Groundball, 56D, EV 85.0 MPH) (infield hit) Luis Arraez to third Russell Martin to second
|
Pinch Hitting: RHB Michael Lorenzen
|
0-0: Fly out, F8 (Flyball, 8RXD, EV 91.9 MPH) Runner from 3rd tags up, SCORES, no throw by CF Russell Martin to third
|
Pinch Hitting: RHB Yasiel Puig
|
0-0: Ball 1-0: Ball 2-0: Called Strike 2-1: Ball 3-1: Swinging Strike 3-2: Strikes out looking
|
Batting: LHB Freddie Freeman
|
0-0: Called Strike 0-1: Ball Wild Pitch! Russell Martin scores Kevin Cron to second 1-1: Fly out, F9 (Flyball, 9D, EV 102.5 MPH)
|
Top of the 6th over - 2 runs, 2 hits, 0 errors, 1 left on base; Atlanta 4 - Washington 3 |
BOTTOM OF THE 6TH |
Washington Nationals batting - Pitching for Atlanta Braves : RHP Adam Plutko
|
Pitching: RHP Trent Thornton
|
|
Now in CF: Franklin Barreto
|
|
Now in RF: Yasiel Puig
|
|
Batting: RHB Adeiny Hechavarria
|
0-0: Ground out 4-3 (Groundball, 4S, EV 73.1 MPH)
|
Batting: LHB Adam Eaton
|
0-0: Foul Ball, location: 2F 0-1: Ball 1-1: Ball 2-1: Ball 3-1: Foul Ball, location: 2F 3-2: Foul Ball, location: 2F 3-2: Foul Ball, location: 2F 3-2: Foul Ball, location: 2F 3-2: Base on Balls
|
Batting: LHB Yonder Alonso
|
0-0: Ball 1-0: Ball 2-0: 2-RUN HOME RUN (Flyball, 9LD, EV 97.5 MPH), Distance : 368 ft
|
Batting: LHB Jackie Bradley Jr.
|
0-0: Fly out, F7 (Flyball, 7D, EV 85.6 MPH)
|
Batting: RHB Evan Longoria
|
0-0: Called Strike 0-1: Ball 1-1: Fly out, F8 (Flyball, 8LD, EV 99.4 MPH)
|
Bottom of the 6th over - 2 runs, 1 hit, 0 errors, 0 left on base; Atlanta 4 - Washington 5 |
TOP OF THE 7TH |
Atlanta Braves batting - Pitching for Washington Nationals : RHP Zack Burdi
|
Pitching: RHP Jeremy Jeffress
|
|
Batting: LHB Yordan Alvarez
|
0-0: Ground out 4-3 (Groundball, 4, EV 108.1 MPH)
|
Pinch Hitting: RHB Addison Russell
|
0-0: Ball 1-0: Fly out, F8 (Line Drive, 8LD, EV 108.1 MPH)
|
Pinch Hitting: RHB Vladimir Guerrero Jr.
|
0-0: Foul Ball, location: 2F 0-1: Swinging Strike 0-2: Hit by Pitch
|
Pinch Hitting: RHB Keston Hiura
|
0-0: Called Strike 0-1: Foul Ball, location: 2F 0-2: SINGLE (Line Drive, 3D, EV 103.8 MPH) Vladimir Guerrero Jr. to second
|
Batting: RHB Russell Martin
|
0-0: Ball 1-0: Ball 2-0: Swinging Strike 2-1: Foul Ball, location: 2F 2-2: Ball 3-2: Base on Balls Vladimir Guerrero Jr. to third Keston Hiura to second
|
Batting: RHB Franklin Barreto
|
0-0: Called Strike 0-1: Ball 1-1: Ball 2-1: GRAND SLAM HOME RUN (Flyball, 9D, EV 103.1 MPH), Distance : 377 ft
|
Pinch Hitting: SHB Wander Samuel Franco
|
0-0: Foul Ball, location: 2F 0-1: Foul Ball, location: 2F 0-2: SINGLE (Flyball, 56D, EV 86.3 MPH)
|
Pitching: RHP Miguel Romero
|
|
Batting: RHB Yasiel Puig
|
0-0: Ball 1-0: Called Strike 1-1: Ball 2-1: Foul Ball, location: 2F 2-2: Foul Ball, location: 2F 2-2: Foul Ball, location: 2F 2-2: Strikes out swinging
|
Top of the 7th over - 4 runs, 3 hits, 0 errors, 1 left on base; Atlanta 8 - Washington 5 |
BOTTOM OF THE 7TH |
Washington Nationals batting - Pitching for Atlanta Braves : RHP Trent Thornton
|
Pitching: RHP Jhoan Duran
|
|
Now at 2B: Keston Hiura
|
|
Now at 3B: Vladimir Guerrero Jr.
|
|
Now at SS: Wander Samuel Franco
|
|
Batting: SHB Jed Lowrie
|
0-0: Ball 1-0: Foul Ball, location: 2F 1-1: Called Strike 1-2: Foul Ball, location: 2F 1-2: Ground out 4-3 (Groundball, 4, EV 85.6 MPH)
|
Batting: RHB Austin Barnes
|
0-0: Ground out 6-3 (Groundball, 56, EV 79.4 MPH)
|
Pinch Hitting: LHB Mike Ford
|
0-0: Ball 1-0: Hit by Pitch
|
Pinch Hitting: LHB Matt Beaty
|
0-0: Swinging Strike 0-1: Fielders Choice at 2nd, 5-4 (Groundball, 5, EV 87.5 MPH)
|
Bottom of the 7th over - 0 runs, 0 hits, 0 errors, 1 left on base; Atlanta 8 - Washington 5 |
TOP OF THE 8TH |
Atlanta Braves batting - Pitching for Washington Nationals : RHP Miguel Romero
|
Pitching: RHP Nate Jones
|
|
Now in LF: Matt Beaty
|
|
Batting: LHB Freddie Freeman
|
0-0: Called Strike 0-1: Ball 1-1: Swinging Strike 1-2: Ground out 3-1 (Groundball, 34, EV 78.1 MPH)
|
Batting: LHB Yordan Alvarez
|
0-0: Called Strike 0-1: Called Strike 0-2: Ball 1-2: Strikes out swinging
|
Pinch Hitting: RHB Tyler Flowers
|
0-0: Ball 1-0: Called Strike 1-1: Foul Ball, location: 2F 1-2: Ground out 5-3 (Groundball, 5, EV 104.4 MPH)
|
Top of the 8th over - 0 runs, 0 hits, 0 errors, 0 left on base; Atlanta 8 - Washington 5 |
BOTTOM OF THE 8TH |
Washington Nationals batting - Pitching for Atlanta Braves : RHP Jhoan Duran
|
Pitching: RHP Luke Jackson
|
|
Pinch Hitting: RHB Daniel Robertson
|
0-0: Foul Ball, location: 2F 0-1: Swinging Strike 0-2: Ball 1-2: Foul Ball, location: 2F 1-2: Ball 2-2: Ball 3-2: Foul Ball, location: 2F 3-2: Fly out, F3 (Popup, 3, EV 66.9 MPH)
|
Pinch Hitting: RHB Chris Taylor
|
0-0: Swinging Strike 0-1: Swinging Strike 0-2: Strikes out swinging
|
Pinch Hitting: RHB Tyler White
|
0-0: Ball 1-0: Ball 2-0: Called Strike 2-1: Ball 3-1: Foul Ball, location: 2F 3-2: Foul Ball, location: 2F 3-2: SINGLE (Line Drive, 9S, EV 107.5 MPH)
|
Pinch Hitting: LHB Corbin Carroll
|
0-0: Called Strike 0-1: Ball 1-1: Foul Ball, location: 2F 1-2: Fly out, F4 (Line Drive, 4, EV 64.4 MPH)
|
Bottom of the 8th over - 0 runs, 1 hit, 0 errors, 1 left on base; Atlanta 8 - Washington 5 |
TOP OF THE 9TH |
Atlanta Braves batting - Pitching for Washington Nationals : RHP Nate Jones
|
Pitching: RHP Mitchell White
|
|
Now at 1B: Tyler White
|
|
Now at SS: Daniel Robertson
|
|
Now in CF: Chris Taylor
|
|
Now in RF: Corbin Carroll
|
|
Batting: RHB Vladimir Guerrero Jr.
|
0-0: Ball 1-0: Foul Ball, location: 2F 1-1: Ground out U3 (Groundball, 3, EV 83.8 MPH)
|
Batting: RHB Keston Hiura
|
0-0: Foul Ball, location: 2F 0-1: Ball 1-1: Called Strike 1-2: Ball 2-2: Strikes out swinging
|
Pinch Hitting: RHB Jorge Alfaro
|
0-0: Foul Ball, location: 2F 0-1: Ball 1-1: Foul Ball, location: 2F 1-2: Foul Ball, location: 2F 1-2: Strikes out swinging
|
Top of the 9th over - 0 runs, 0 hits, 0 errors, 0 left on base; Atlanta 8 - Washington 5 |
BOTTOM OF THE 9TH |
Washington Nationals batting - Pitching for Atlanta Braves : RHP Luke Jackson
|
Pitching: RHP Chad Sobotka
|
|
Now at C: Jorge Alfaro
|
|
Pinch Hitting: RHB Yulieski Gurriel
|
0-0: Ground out 5-3 (Groundball, 56S, EV 83.8 MPH)
|
Pinch Hitting: SHB Vidal Brujan
|
0-0: Ball 1-0: Called Strike 1-1: Swinging Strike 1-2: Strikes out swinging
|
Pinch Hitting: LHB Michael Perez
|
0-0: Hit by Pitch
|
Pinch Hitting: RHB Tom Murphy
|
0-0: Swinging Strike 0-1: Swinging Strike 0-2: Ball 1-2: Strikes out swinging
|
Bottom of the 9th over - 0 runs, 0 hits, 0 errors, 1 left on base; Atlanta 8 - Washington 5 |
|